Map: Ever Dream LE

Players

MaSa

  • Race: Terran Terran
  • League: Master
  • Spawn Location: 7:00

Silky - Winner!

  • Race: Zerg Zerg
  • Spawn Location: 1:00

Event: DreamHack SC2 Masters 2020 Summer North America

VOD

Have the link to the VOD?

Description

Time

  • Played on: July 2, 2020, 4:02 p.m.
  • Length: 12:41

All games in this series

Show
View Real Time Build Order
Export as new Build Order

MaSa Terran 

Build Orders:  

Get SALT Encoding   

  12  0:00  SCV  
  13  0:12  SCV  
  14  0:17  Supply Depot  
  14  0:25  SCV  
  15  0:39  SCV  
  15  0:40  Barracks  
  16  0:43  Refinery  
  16  0:51  SCV  
  17  1:00  Barracks  
  17  1:03  SCV  
  18  1:15  SCV  
  19  1:27  Orbital Command, Reaper  
  20  1:33  Barracks  
  20  1:39  Refinery  
  20  1:47  Reaper  
  21  1:51  Supply Depot  
  21  1:54  SCV  
  22  2:02  Reaper  
  23  2:12  SCV  
  24  2:18  Supply Depot  
  24  2:19  Reaper  
  25  2:24  SCV  
  25  2:26  Reaper  
  27  2:34  Reaper  
  27  2:36  SCV  
  29  2:48  SCV  
  29  2:51  Reaper  
  31  2:54  Command Center  
  31  3:00  Reaper  
  31  3:01  SCV  
  33  3:11  Reaper  
  34  3:15  SCV  
  35  3:23  Reaper  
  36  3:36  SCV  
  36  3:39  Supply Depot, Reaper  
  38  3:48  Command Center  
  31  3:58  Reaper  
  31  4:02  SCV  
  32  4:11  Marine  
  32  4:12  Orbital Command, Factory  
  32  4:15  SCV  
  31  4:25  Barracks Tech Lab  
  31  4:27  SCV  
  31  4:30  Marine x2  
  34  4:39  SCV  
  34  4:40  SCV  
  34  4:43  Marine  
  34  4:44  Stimpack  
  37  4:49  Marine x2  
  37  4:51  SCV  
  37  4:52  SCV  
  41  4:56  Starport, Factory Reactor  
  41  5:01  Orbital Command, Marine  
  41  5:03  SCV  
  41  5:04  SCV  
  44  5:07  Marine  
  44  5:13  Engineering Bay x2  
  44  5:14  Refinery  
  45  5:15  SCV  
  45  5:16  Marine, SCV  
  48  5:27  SCV x2  
  48  5:28  SCV, Barracks  
  51  5:31  Barracks Reactor, Barracks  
  51  5:39  Terran Infantry Weapons Level 1, Barracks Reactor, SCV x2  
  51  5:40  SCV  
  51  5:42  Terran Infantry Armor Level 1, Factory Reactor  
  54  5:46  Marine  
  55  5:51  SCV  
  55  5:52  SCV  
  55  5:54  Refinery  
  57  5:58  SCV  
  58  6:05  Orbital Command, Marine  
  58  6:06  SCV  
  58  6:08  Medivac x2  
  58  6:09  Marine x2  
  58  6:10  SCV  
  67  6:15  Supply Depot  
  67  6:17  Marine x2  
  69  6:18  Barracks Reactor  
  69  6:19  SCV  
  69  6:20  Barracks Reactor  
  69  6:22  Marine  
  69  6:23  Supply Depot, SCV  
  72  6:27  Marine  
  72  6:28  Barracks x2  
  72  6:30  SCV  
  72  6:31  Supply Depot  
  72  6:32  Marine  
  74  6:33  Supply Depot  
  74  6:35  Widow Mine  
  74  6:36  Marine  
  74  6:37  Combat Shield  
  78  6:45  SCV  
  78  6:46  SCV x2, Barracks  
  81  6:47  Marine  
  81  6:48  Marine  
  83  6:54  Medivac x2  
  83  6:57  Marine  
  83  6:58  Marine, SCV x2  
  89  7:04  Marine  
  89  7:05  Armory  
  89  7:06  SCV  
  89  7:07  Marine  
  88  7:10  SCV  
  88  7:13  Marine, Widow Mine x2  
  94  7:18  Marine x3  
  94  7:20  SCV  
  94  7:21  SCV  
  98  7:23  Marine x2  
  98  7:29  Marine x5  
  102  7:35  Supply Depot  
  102  7:37  Supply Depot, SCV x3  
  102  7:40  Marine x3  
  108  7:51  Widow Mine x2, Medivac  
  104  7:54  Marine x7  
  104  7:55  Marine  
  104  7:58  Marine x3  
  97  8:05  Terran Infantry Armor Level 2  
  97  8:10  Medivac  
  97  8:12  Marine x4  
  103  8:15  Terran Infantry Weapons Level 2  
  103  8:16  Marine x2  
  103  8:17  Marine  
  103  8:18  Marine x2  
  107  8:20  Marine  
  107  8:21  Marine, Medivac  
  107  8:25  Widow Mine  
  113  8:30  Marine x4  
  117  8:34  Marine x3  
  117  8:35  Marine  
  117  8:36  Marine  
  117  8:38  Marine x2  
  115  8:47  Marine  
  115  8:48  Marine x3  
  118  8:52  Marine x3  
  118  8:53  Marine x2  
  104  8:56  Marine x2  
  104  9:01  Medivac x2  
  104  9:05  Marine x3  
  104  9:06  Marine  
  104  9:08  Supply Depot  
  108  9:10  Marine x3  
  108  9:11  Marine x2  
  108  9:14  Supply Depot, Marine x2  
  114  9:18  Widow Mine x2  
  114  9:23  Marine x4  
  122  9:27  Supply Depot  
  122  9:28  Marine x3  
  122  9:30  Marine x2  
  122  9:31  Medivac x2  
  129  9:32  Marine x2  
  129  9:34  Supply Depot  
  133  9:41  Marine x4  
  135  9:45  Marine x2  
  135  9:46  Marine  
  135  9:48  Marine x2  
  135  9:49  Marine  
  135  9:50  Marine  
  135  9:51  SCV  
  137  9:53  Supply Depot  
  137  9:55  Widow Mine  
  137  9:56  Widow Mine  
  137  9:59  Marine x4  
  145  10:03  Marine x3  
  145  10:05  Marine x2  
  127  10:07  Marine x2  
  127  10:13  Medivac  
  131  10:16  Marine  
  131  10:17  Marine x3  
  129  10:21  Marine x3  
  129  10:23  Marine x2  
  129  10:25  Marine  
  129  10:26  Marauder  
  136  10:30  Medivac  
  136  10:34  Marine  
  136  10:35  Marine x3  
  126  10:39  Marine x3  
  126  10:41  Marine x2  
  117  10:43  Marine, Medivac  
  117  10:47  Marine  
  109  10:52  Marine x4, Widow Mine x2  
  109  10:57  Marine x3  
  112  10:59  Marine x2  
  112  11:00  Medivac  
  112  11:01  Marine  
  109  11:04  Marine  
  109  11:10  Marine x4  
  114  11:13  Medivac  
  114  11:14  Marine  
  114  11:15  Marine x2  
  114  11:17  Marine x2  
  121  11:19  Marine  
  121  11:22  Marine  
  123  11:28  Marine x4  
  123  11:30  Medivac  
  123  11:32  Marine x3, Widow Mine  
  131  11:34  Marine x2  
  131  11:36  Marine  
  125  11:40  Marine  
  125  11:43  Medivac  
  125  11:45  Marine  
  125  11:46  Marine x3  
  125  11:50  Marine x3  
  125  11:52  Concussive Shells, Marine x2  
  128  11:54  Marine  
  128  11:58  Marauder  
  128  12:00  Medivac  
  125  12:03  Marine  
  125  12:04  Marine x3  
  125  12:07  Widow Mine x2  
  125  12:08  Marine  
  134  12:10  Marine x3  
  123  12:16  Marine x2  
  123  12:19  Marine  
  123  12:21  Marine x4  
Show
View Real Time Build Order
Export as new Build Order

Silky Zerg - Winner!

Build Orders: Hatch First, Muta Ling Bane 

Get SALT Encoding   

  12  0:00  Drone  
  13  0:12  Overlord  
  13  0:17  Drone  
  14  0:31  Drone x2  
  16  0:48  Hatchery  
  15  0:51  Drone  
  15  0:54  Drone  
  17  0:58  Drone  
  18  1:08  Extractor  
  17  1:13  Spawning Pool  
  17  1:15  Drone  
  17  1:20  Drone  
  18  1:28  Drone  
  20  1:40  Drone  
  20  1:49  Overlord  
  20  2:00  Zergling x4, Queen x2  
  26  2:09  Metabolic Boost  
  26  2:10  Drone  
  26  2:11  Drone  
  28  2:29  Hatchery  
  27  2:30  Drone  
  27  2:34  Drone  
  27  2:36  Drone  
  30  2:44  Queen  
  30  2:48  Overlord  
  30  2:51  Zergling x2  
  33  2:53  Zergling x2  
  33  2:57  Zergling x2  
  35  3:08  Zergling x8  
  36  3:13  Zergling x4  
  36  3:17  Overlord  
  36  3:18  Zergling x2  
  36  3:19  Zergling x2  
  34  3:35  Zergling x8  
  37  3:44  Drone x2  
  37  3:47  Queen  
  39  3:53  Drone x3  
  39  3:54  Drone x3  
  45  3:56  Drone  
  45  4:04  Drone x3  
  47  4:11  Drone  
  47  4:14  Drone  
  47  4:16  Queen  
  51  4:18  Drone  
  51  4:22  Drone  
  53  4:24  Drone  
  53  4:25  Queen  
  53  4:29  Drone  
  57  4:32  Baneling Nest  
  57  4:33  Drone  
  57  4:36  Drone  
  57  4:38  Overlord  
  58  4:41  Lair  
  58  4:44  Extractor  
  58  4:45  Extractor  
  56  4:46  Drone x2  
  56  4:50  Overlord  
  58  4:56  Queen  
  58  4:57  Drone x2, Overlord  
  58  4:58  Drone  
  64  5:00  Drone x2  
  64  5:05  Drone  
  66  5:08  Overlord  
  66  5:10  Drone x4  
  66  5:12  Drone  
  71  5:14  Drone  
  71  5:17  Drone x2  
  71  5:20  Overlord  
  74  5:21  Drone x2  
  74  5:24  Drone  
  74  5:27  Drone x2  
  79  5:30  Drone  
  79  5:31  Drone x2  
  82  5:37  Extractor  
  82  5:38  Extractor x2  
  82  5:39  Drone x2  
  82  5:40  Spire  
  81  5:42  Drone  
  81  5:43  Drone  
  81  5:46  Drone  
  81  5:49  Centrifical Hooks  
  83  5:56  Drone x2  
  85  6:04  Drone x2, Overlord x3  
  86  6:07  Hatchery  
  85  6:12  Drone x2, Zergling x2  
  85  6:13  Evolution Chamber, Zergling x2  
  85  6:14  Evolution Chamber  
  85  6:16  Zergling x4  
  89  6:19  Overlord  
  89  6:22  Overlord x2  
  89  6:27  Zergling x8  
  89  6:31  Overlord  
  93  6:34  Zergling x8  
  97  6:40  Zerg Melee Weapons Level 1, Zerg Ground Armor Level 1  
  97  6:41  Zergling x2  
  97  6:42  Zergling x2  
  97  6:44  Baneling  
  97  6:45  Baneling x6  
  97  6:46  Zergling x2  
  100  6:52  Mutalisk  
  100  6:53  Mutalisk x2  
  106  6:57  Mutalisk x2  
  106  6:59  Overlord  
  108  7:03  Mutalisk  
  108  7:06  Zergling x6  
  108  7:07  Zergling x4  
  115  7:08  Overlord  
  112  7:15  Mutalisk x2  
  112  7:18  Overlord  
  112  7:19  Zergling x6  
  119  7:25  Drone x3  
  120  7:31  Drone x5  
  120  7:32  Drone  
  120  7:33  Zerg Flyer Weapons Level 1  
  120  7:36  Mutalisk x2  
  129  7:44  Drone x4  
  129  7:45  Drone  
  128  7:53  Mutalisk  
  128  7:54  Mutalisk x2  
  128  7:56  Overlord  
  126  8:01  Mutalisk  
  126  8:03  Zergling x6  
  126  8:04  Zergling x8  
  125  8:07  Extractor  
  125  8:09  Zergling x10  
  129  8:13  Mutalisk  
  129  8:14  Mutalisk  
  129  8:16  Overseer  
  129  8:17  Hatchery  
  129  8:18  Zergling x4  
  130  8:22  Baneling x2  
  130  8:24  Baneling  
  130  8:25  Baneling x5  
  130  8:26  Zergling x4  
  130  8:29  Baneling x3, Queen  
  130  8:32  Zergling x4  
  132  8:39  Zergling x8  
  132  8:40  Zergling x10  
  135  8:46  Mutalisk x3  
  140  8:50  Zergling x4  
  140  8:51  Zergling x4  
  140  8:54  Zergling x6  
  136  8:56  Zerg Ground Armor Level 2  
  136  8:58  Zergling x2  
  134  9:02  Zergling x2  
  134  9:06  Zergling x4  
  136  9:10  Zergling x6  
  136  9:11  Zerg Melee Weapons Level 2  
  136  9:14  Mutalisk  
  136  9:15  Mutalisk  
  140  9:17  Zergling x2  
  140  9:20  Overseer  
  140  9:21  Overseer, Zergling x2  
  142  9:25  Baneling x3  
  142  9:26  Baneling  
  142  9:28  Zergling x4  
  142  9:29  Zergling x14  
  142  9:30  Queen  
  153  9:32  Baneling x3  
  153  9:33  Baneling x2  
  153  9:37  Overlord x2  
  153  9:38  Baneling x2  
  153  9:40  Mutalisk  
  153  9:42  Zergling x4  
  153  9:43  Zergling x8  
  159  9:48  Zergling x6  
  159  9:52  Baneling x8  
  152  9:55  Zergling x4  
  152  9:56  Zergling x16  
  162  10:06  Queen  
  147  10:07  Overseer  
  147  10:08  Overseer  
  147  10:11  Zergling x2  
  147  10:12  Zergling x16  
  150  10:14  Baneling x5  
  148  10:24  Infestation Pit, Zergling x20  
  156  10:30  Zergling x2  
  156  10:31  Zergling x10  
  141  10:36  Mutalisk x3  
  141  10:38  Zergling x4  
  141  10:40  Zergling x2  
  141  10:41  Zergling x2  
  140  10:44  Mutalisk x2  
  140  10:49  Zergling x2  
  137  10:50  Zergling x10  
  137  10:52  Overseer  
  137  10:53  Overseer  
  137  10:57  Mutalisk x2  
  134  11:04  Mutalisk x2  
  134  11:07  Zergling x12  
  142  11:13  Baneling x6  
  142  11:15  Pneumatized Carapace  
  142  11:17  Zergling x8  
  146  11:20  Zergling x6  
  146  11:21  Zergling x2  
  146  11:22  Drone x2  
  152  11:26  Baneling x8  
  152  11:27  Baneling  
  152  11:39  Zergling x22  
  158  11:43  Mutalisk x2  
  153  11:50  Zergling x12  
  152  11:54  Mutalisk x2  
  152  11:59  Zergling x6  
  155  12:02  Baneling x7  
  155  12:10  Zergling x16  
  150  12:16  Zergling x6  
Tags
 
Add a new tag
Caveats
  • Supply blocks, unpowered buildings, or Contaminate may cause inaccurate times.
  • Supply counts are checked every 10 seconds.